 Dungeon Crawl Stone Soup version 0.29-a0-270-g1586fc07ea (webtiles) character file.

Game seed: 1009939872213314123

29 Hubjo the Skirmisher (level 3, 0/27 (29) HPs)
             Began as a Demonspawn Abyssal Knight on Mar 7, 2022.
             Was a Priest of Lugonu.
             Slain by Robin
             ... wielding a +2 short sword of draining
              (3 damage)
             ... on level 2 of the Dungeon.
             The game lasted 00:01:21 (1679 turns).

Hubjo the Skirmisher (Demonspawn Abyssal Knight)    Turns: 1679, Time: 00:01:21

HP:   0/27 (29)     AC:  3    Str: 13    XL:     3   Next: 1%
MP:   5/5           EV: 11    Int: 11    God:    Lugonu [***...]
Gold: 49            SH:  0    Dex: 15    Spells: 2/2 levels left

rFire   . . .      SeeInvis .   a - +1 falchion
rCold   . . .      Faith    .   (no shield)
rNeg    . . .      Spirit   .   b - +0 leather armour
rPois   .          Reflect  .   (no helmet)
rElec   .          Harm     .   (no cloak)
rCorr   .          Rampage  .   (no gloves)
Will    .....                   (no boots)
Stlth   +.........              (no amulet)
HPRegen 0.09/turn               (no ring)
MPRegen 0.09/turn               (no ring)

@: drained
A: demonic guardian 1, weakness stinger 1
a: Renounce Religion, Depart the Abyss, Bend Space, Banish


You were on level 2 of the Dungeon.
You worshipped Lugonu.
Lugonu was most pleased with you.
You visited 1 branch of the dungeon, and saw 2 of its levels.
You visited the Abyss 1 time.

You collected 49 gold pieces.

Inventory:

Hand Weapons
 a - a +1 falchion (weapon)
Armour
 b - a +0 leather armour (worn)
Scrolls
 c - 2 scrolls of fog {unknown}
 d - 2 scrolls of identify {unknown}
 e - a scroll of amnesia {unknown}
 f - a scroll of torment {unknown}
Potions
 g - 2 potions of heal wounds {unknown}
 h - a potion of magic {unknown}


   Skills:
 * Level 3.3 Fighting
 + Level 1.9 Long Blades
 + Level 1.9 Armour
 * Level 1.5 Dodging
 * Level 3.1 Invocations


You had 2 spell levels left.
You didn't know any spells.
Your spell library was empty.

Dungeon Overview and Level Annotations

Branches:
Dungeon (2/15)

Altars:

Annotations:
D:2 Robin


Innate Abilities, Weirdness & Mutations

A weak demonic guardian rushes to your aid.
You have a small tail.


Message History

Robin throws the goblin at you! The goblin closely misses you.
The goblin hits you with a +0 club.
Things that are here:
a +0 dagger; a +0 dagger; a goblin corpse You slash the goblin!
You kill the goblin!
Lugonu accepts your kill. The goblin barely misses you.
The goblin hits you with a +0 dagger.
You hit the goblin.
The goblin is severely wounded.
The goblin barely misses you. The goblin completely misses you.
The goblin hits you but does no damage.
You hit the goblin.
You kill the goblin!
Lugonu accepts your kill.
Robin roars a battlecry!
The goblins go into a battle-frenzy!
The goblin hits you with a +0 club.
The goblin hits you with a +0 dagger. x2
The goblin hits you with a +0 club.
* * * LOW HITPOINT WARNING * * *
A goblin comes into view. It is wielding a +0 dagger.
The goblin shouts!
You have reached level 3!
Your experience leads to an increase in your attributes!
Increase (S)trength, (I)ntelligence, or (D)exterity?
You feel agile. x2; Your demonic ancestry asserts itself...
You grow a small tail.
Press: ? - help, Shift-Dir - straight line, f - Robin
Aim: Robin, wielding a +2 short sword of draining, wearing a +0 animal skin and wearing a +0 helmet (chance to affect: 86%)
You fail to use your ability.
Robin hits you with a +2 short sword of draining.
* * * LOW HITPOINT WARNING * * *
A demonic guardian appears!
You feel drained. The goblin closely misses you.
The goblin hits you with a +0 dagger.
* * * LOW HITPOINT WARNING * * *
Press: ? - help, Shift-Dir - straight line, f/p - Robin
Aim: Robin, wielding a +2 short sword of draining, wearing a +0 animal skin and wearing a +0 helmet (ally target, chance to affect: 86%)
You fail to use your ability.
Robin hits you with a +2 short sword of draining.
You die...

# ##### +.#
##...##
#.g.##.....#
#..5g@g....#
....#.##g..!.#
. #. ##...##
.. ##.## #.
#.# #. #.#
#.####.#
#.<††..#
#####..#


You could see Robin (ally target), 3 goblins and a friendly iron imp (summoned).

Vanquished Creatures
  2 ball pythons (D:1)
  3 endoplasms (D:1)
  A giant cockroach (D:1)
  5 goblins
  6 jackals
  A frilled lizard (D:1)
  3 kobolds (D:1)
  3 rats (D:1)
24 creatures vanquished.

Notes
Turn   | Place    | Note
-------+----------+-------------------------------------------
     0 | Abyss:1  | Hubjo the Demonspawn Abyssal Knight began the quest for the
                  | Orb.
     0 | Abyss:1  | Reached XP level 1. HP: 18/18 MP: 2/2
     5 | D:1      | Escaped the Abyss
   152 | D:1      | Reached skill level 1 in Dodging
   449 | D:1      | Gained mutation: A weak demonic guardian rushes to your
                  | aid. [demonic ancestry]
   449 | D:1      | Reached XP level 2. HP: 16/24 MP: 4/4
  1670 | D:2      | Noticed Robin
  1673 | D:2      | Reached *** piety under Lugonu
  1678 | D:2      | Gained mutation: You have a small tail. [demonic ancestry]
  1678 | D:2      | Reached XP level 3. HP: 7/29 MP: 5/5
  1679 | D:2      | Slain by Robin

Illustrated notes

Levels and vault maps discovered:
D:1:      wander_arrival_peaceful_grave, layout_basic,
          chequers_decorated_corner, hangedman_decor_lopped, bh_walls_and_bars
D:2:      minmay_skewed_foursquare, layout_loops_ring,
          shapermc_ecumenical_altar_mp_ritualfount, minmay_misc_feat_room,
          uniq_robin, uniq_natasha

Skill      XL: |  1  2 |
---------------+-------+-----
Dodging        | 1 |  1.5
Invocations    | 3 |  3.1
Fighting       | |  3.3
Long Blades    | |  1.9
Armour         | |  1.9

Action                   || total
-------------------------++-------
Melee: Falchion          ||    76
 Stab: Sleeping          ||     1
Armor: Leather armour    ||    17
Dodge: Dodged            ||    50

Table legend: (Time is in decaauts)
 A = Elapsed time spent in this place.
 B = Non-inter-level travel time spent in this place.
 C = Inter-level travel time spent in this place.
 D = Time resting spent in this place.
 E = Time spent auto-exploring this place.
 F = Levels seen in this place.
 G = Mean time per level.
                   A        B        C        D        E       F      G
               +--------+--------+--------+--------+--------+-----+--------+
         Total |   1694 |   1671 |     23 |      0 |   1483 |   3 |  564.7 |
       Dungeon |   1689 |   1666 |     23 |      0 |   1482 |   2 |  844.5 |
         Abyss |      5 |      5 |      0 |      0 |      1 |   1 |    5.0 |
               +--------+--------+--------+--------+--------+-----+--------+

Top non-repeatable levels by time:
     D:1: 1612 daAuts
     D:2: 76 daAuts
 Abyss:1: 5 daAuts
